Map: Ascension to Aiur LE

Players

Jamm - Winner!

  • Race: Zerg Zerg
  • League: Diamond
  • Spawn Location: 5:00

SpaceOrc

  • Race: Terran Terran
  • League: Diamond
  • Spawn Location: 11:00

VOD

Have the link to the VOD?

Description

zerg cheese with 0 counterplay unless you play around it before the game start

Time

  • Played on: Jan. 2, 2018, 2:45 a.m.
  • Length: 5:24
Show
View Real Time Build Order
Export as new Build Order

Jamm Zerg - Winner!

Build Orders: Hatch First, Zergling Baneling 

Get SALT Encoding   

  12  0:01  Drone  
  13  0:12  Overlord  
  13  0:18  Drone  
  14  0:31  Drone x2  
  14  0:34  Drone  
  17  0:53  Hatchery  
  16  0:58  Drone  
  16  1:00  Drone  
  18  1:06  Extractor  
  17  1:12  Drone  
  17  1:17  Drone  
  19  1:31  Drone  
  20  1:40  Spawning Pool  
  20  1:42  Drone  
  20  1:49  Drone  
  21  2:08  Drone x2  
  23  2:15  Drone  
  24  2:16  Drone  
  24  2:22  Drone  
  26  2:27  Hatchery  
  25  2:30  Drone  
  25  2:32  Drone  
  27  2:40  Queen  
  27  2:54  Queen  
  27  2:55  Spore Crawler  
  27  2:57  Overlord  
  29  2:59  Overlord  
  29  3:00  Metabolic Boost  
  29  3:16  Drone x2  
  29  3:18  Drone  
  32  3:21  Zergling x6  
  35  3:29  Baneling Nest  
  35  3:30  Zergling x4  
  36  3:39  Queen  
  36  3:41  Zergling x6  
  41  3:49  Zergling x2  
  41  3:50  Overlord  
  41  3:52  Zergling x6  
  41  3:54  Zergling x2  
  46  4:00  Overlord  
  46  4:02  Zergling x2  
  47  4:04  Zergling x4  
  47  4:06  Zergling x2  
  46  4:28  Zergling x20  
  55  4:36  Zergling x2  
  56  4:40  Zergling x2  
  56  4:41  Zergling x2  
  56  4:44  Baneling x3  
  56  4:45  Baneling x10  
  58  4:46  Zergling x2  
  58  4:49  Baneling  
  58  4:51  Baneling  
  59  4:53  Zergling x4  
  61  5:01  Zergling x6  
Show
View Real Time Build Order
Export as new Build Order

SpaceOrc Terran 

Build Orders: Reaper Expand 

Get SALT Encoding   

  12  0:00  SCV  
  13  0:13  SCV  
  14  0:17  Supply Depot  
  14  0:25  SCV  
  15  0:37  Refinery  
  15  0:39  SCV  
  16  0:46  Barracks  
  16  0:54  SCV  
  17  1:06  SCV  
  18  1:18  SCV  
  19  1:33  Orbital Command  
  19  1:34  Reaper  
  20  1:45  Command Center  
  20  1:56  Factory  
  20  2:00  SCV  
  21  2:12  SCV  
  21  2:14  Supply Depot  
  22  2:19  Refinery  
  22  2:21  Barracks Reactor  
  22  2:24  SCV  
  23  2:36  SCV  
  24  2:48  SCV  
  25  3:01  Orbital Command  
  25  3:04  SCV  
  26  3:07  Hellion, Cyclone  
  31  3:17  SCV, Command Center  
  32  3:28  Hellion  
  32  3:31  SCV  
  32  3:34  SCV  
  36  3:39  Cyclone  
  39  3:49  SCV  
  39  3:50  Hellion  
  39  3:51  SCV  
  39  3:54  Starport  
  43  4:03  SCV  
  44  4:11  Hellion  
  45  4:29  Hellion  
  40  4:33  SCV, Hellion  
  40  4:34  Orbital Command  
  43  4:43  Factory  
  43  4:44  Factory  
  43  4:45  SCV  
  44  4:46  Factory  
  44  4:50  Hellion  
  46  4:54  Hellion  
  46  4:59  SCV  
  52  5:02  Refinery  
  52  5:12  SCV  
Tags
 
Add a new tag
Caveats
  • Supply blocks, unpowered buildings, or Contaminate may cause inaccurate times.
  • Supply counts are checked every 10 seconds.